 Dungeon Crawl Stone Soup version 0.28-a0-1518-gbe868bca14 (webtiles) character file.

Game seed: 9744577712760864492

78 buddhastalin the Chopper (level 4, -2/40 HPs)
             Began as a Draconian Berserker on Jan 16, 2022.
             Was a Follower of Trog.
             Killed by divine providence
             ... invoked by an orc priest
              (13 damage)
             ... on level 2 of the Dungeon.
             The game lasted 00:02:00 (1806 turns).

buddhastalin the Chopper (Draconian Berserker)      Turns: 1806, Time: 00:02:01

Health: -2/40      AC:  6    Str: 21    XL:     4   Next: 15%
Magic:  4/4        EV: 16    Int:  7    God:    Trog [*.....]
Gold:   49         SH:  0    Dex: 11    Spells: 3/3 levels left

rFire   . . .      SeeInvis .   a - +0 hand axe
rCold   + . .      Faith    .   (no shield)
rNeg    . . .      Spirit   .   (armour unavailable)
rPois   .          Reflect  .   (helmet restricted)
rElec   .          Harm     .   c - +0 cloak
rCorr   .          Rampage  .   (no gloves)
Will    .....                   (no boots)
Stlth   +.........              (no amulet)
HPRegen 0.13/turn               g - +4 ring of evasion
MPRegen 0.09/turn               k - ring of protection from cold

@: on berserk cooldown, slowed, very slow
A: AC +5, unfitting armour, cold-blooded
a: Renounce Religion, Berserk


You were on level 2 of the Dungeon.
You worshipped Trog.
Trog was aware of your devotion.
You visited 1 branch of the dungeon, and saw 2 of its levels.

You collected 49 gold pieces.

Inventory:

Hand Weapons
 a - a +0 hand axe (weapon)
Armour
 c - a +0 cloak (worn)
Jewellery
 g - a +4 ring of evasion (left hand)
 k - a ring of protection from cold (right hand)
Scrolls
 b - a scroll of noise {unknown}
 d - a scroll of vulnerability {unknown}
 e - a scroll of magic mapping {unknown}
 i - a scroll of fog {unknown}
 l - a scroll of identify {unknown}
Potions
 f - a potion of mutation {unknown}
 h - a potion of haste {unknown}
 j - a potion of resistance {unknown}


   Skills:
 + Level 3.9 Fighting
 * Level 4.1 Axes
 + Level 3.2 Dodging


You had 3 spell levels left.
You didn't know any spells.
Your spell library was empty.

Dungeon Overview and Level Annotations

Branches:
Dungeon (2/15)

Altars:

Shops:
D:1 [


Innate Abilities, Weirdness & Mutations

Your plain brown scales are hard. (AC +5)
You cannot fit into any form of body armour.
You are cold-blooded and may be slowed by cold attacks.


Message History

The orc wizard hits you with a +0 dagger.
You hit the orc priest.
The orc priest is lightly wounded.
You closely miss the orc wizard. You miss something.
The orc priest calls upon Beogh to heal the orc wizard.
The orc wizard's wounds heal themselves!
Something barely misses you.
The orc wizard gestures at you while chanting.
You resist with some effort.
The orc priest looks braver for a moment.
Something hits you but does no damage.
You hit the orc priest.
The orc priest is moderately wounded.
You closely miss something.
You hit the orc wizard but do no damage.
The orc wizard hits you with a +0 dagger.
The orc priest misses you. Something barely misses you.
The orc wizard closely misses you.
The orc priest hits you but does no damage.
You hit the orc priest.
The orc priest is moderately wounded.
You hit the orc wizard but do no damage.
You hit something. Something hits you.
The orc wizard gestures at you while chanting.
You resist with some effort.
The orc priest calls down the wrath of Beogh upon you.
Beogh smites you! Something hits you but does no damage.
The orc wizard closely misses you.
You closely miss the orc priest.
The orc priest is moderately wounded.
You barely miss the orc wizard. You miss something.
The orc priest calls down the wrath of Beogh upon you.
Pain shoots through your body!
* * * LOW HITPOINT WARNING * * *
You hear some strange, mumbled words.
Something tries to affect you, but you resist.
The orc wizard hits you but does no damage.
The orc priest calls down the wrath of Beogh upon you.
Beogh smites you!
You die...

#.. #.# #.# #.# #.# #.#
##############.# #.#
#............#)# #.#
###.########.#'## #.# #
#........##.){o# #.# #
#..#####.##..@o# #.####### #
#..# #.##....###.##....#####
#..#####.##....##........#....
#......#.##....##........#....
#.####.#.......##........+....
#.####.#####...###'#####.#....
#..............).#.#####.#....
######.######.#.##.>..........
#........#.#.##............


You could see an orc priest and an orc wizard.

Vanquished Creatures
  5 adders (D:2)
  A dart slug (D:2)
  2 orcs (D:2)
  A bat (D:1)
  3 endoplasms
  A giant cockroach (D:2)
  5 goblins
  2 hobgoblins (D:2)
  A quokka (D:2)
  A ball python (D:2)
  2 frilled lizards
  3 kobolds
  4 rats (D:1)
31 creatures vanquished.

Notes
Turn   | Place    | Note
-------+----------+-------------------------------------------
     0 | D:1      | buddhastalin the Draconian Berserker began the quest for
                  | the Orb.
     0 | D:1      | Reached XP level 1. HP: 19/19 MP: 1/1
   320 | D:1      | Found Piodudysm's Armour Shop.
   364 | D:1      | Reached XP level 2. HP: 26/26 MP: 2/2
   366 | D:1      | Found a faded altar of an unknown god.
  1040 | D:2      | Reached XP level 3. HP: 33/33 MP: 3/3
  1352 | D:2      | Reached skill level 4 in Axes
  1541 | D:2      | Reached XP level 4. HP: 36/40 MP: 4/4
  1806 | D:2      | Killed from afar by an orc priest

Illustrated notes

Levels and vault maps discovered:
D:1:      shiori_arrival_maze, layout_loops_ring, serial_shops, shop,
          dreamdust_ecumenical_altar_statues
D:2:      layout_basic, kennysheep_nub, chequers_serial_rivers_micro_d

Skill      XL: |  1  2  3 |
---------------+----------+-----
Dodging        | 3 |  3.2
Axes           | 4 |  4.1
Fighting       | |  3.9

Action                   |  1- 3 |  4- 6 || total
-------------------------+-------+-------++-------
Melee: Hand axe          |    75 |    16 ||    91
       Tailslap          |     8 |     2 ||    10
Invok: Berserk           |       |     1 ||     1
Armor: Skin              |    25 |     5 ||    30
Dodge: Dodged            |    52 |    12 ||    64

Table legend: (Time is in decaauts)
 A = Elapsed time spent in this place.
 B = Non-inter-level travel time spent in this place.
 C = Inter-level travel time spent in this place.
 D = Time resting spent in this place.
 E = Time spent auto-exploring this place.
 F = Levels seen in this place.
 G = Mean time per level.
                   A        B        C        D        E       F      G
               +--------+--------+--------+--------+--------+-----+--------+
         Total |   1816 |   1792 |     24 |    204 |   1352 |   2 |  908.0 |
       Dungeon |   1816 |   1792 |     24 |    204 |   1352 |   2 |  908.0 |
               +--------+--------+--------+--------+--------+-----+--------+

Top non-repeatable levels by time:
     D:2: 1007 daAuts
     D:1: 808 daAuts
